 Dungeon Crawl Stone Soup version 0.17-a0-1719-g1afd5a1 (webtiles) character file.

1653 flad the Zephyrmancer (level 9, 0/51 HPs)
             Began as a Halfling Air Elementalist on Aug 27, 2015.
             Was a Believer of Vehumet.
             Slain by a sky beast (1 damage)
             ... on level 7 of the Dungeon.
             The game lasted 00:33:50 (10066 turns).

flad the Zephyrmancer (Halfling Air Elementalist)  Turns: 10066, Time: 00:33:50

Health: 0/51       AC:  9    Str:  8    XL:     9   Next: 19%
Magic:  9/11       EV: 14    Int: 17    God:    Vehumet [**....]
Gold:   488        SH:  0    Dex: 15    Spells: 3 memorised, 6 levels left

rFire  . . .     SeeInvis .     w - +0 quarterstaff
rCold  + . .     Clarity  +     e - +2 leather armour {MR+}
rNeg   . . .     SustAt   .     (shield restricted)
rPois  .         Gourm    .     F - +0 helmet
rElec  .         Spirit   .     (no cloak)
rCorr  .         Warding  .     g - +2 pair of gloves
rMut   .         Stasis   .     (no boots)
MR     ++...                    P - amulet of clarity
Stlth  ++........               i - ring of protection from cold
                                O - ring of protection from magic

@: very resistant to hostile enchantments, unstealthy
A: mutation resistance 1
a: Renounce Religion


You were on level 7 of the Dungeon.
You worshipped Vehumet.
Vehumet was pleased with you.
You were not hungry.

You visited 2 branches of the dungeon, and saw 8 of its levels.
You also visited: Ossuary.

You collected 488 gold pieces.

Inventory:

Hand weapons
 w - a +0 quarterstaff (weapon)
Missiles
 h - 225 stones (quivered)
 G - 30 sling bullets
Armour
 e - a +2 leather armour of magic resistance (worn)
 g - a +2 pair of gloves (worn)
 p - the +1 leather armour "Vium" {+Inv rF- MP+9 Stlth-}
   (You found it on level 4 of the Dungeon)

   It makes you vulnerable to fire.
   It affects your magic capacity (+9).
   It lets you turn invisible.
   It makes you less stealthy.
 F - a +0 helmet (worn)
Jewellery
 f - an uncursed ring of positive energy
 i - a ring of protection from cold (right hand)
 j - an uncursed amulet of resist corrosion
 O - a ring of protection from magic (left hand)
 P - an amulet of clarity (around neck)
Magical devices
 z - a wand of digging (9)
 M - a wand of digging (11)
 S - a wand of magic darts (14)
Scrolls
 a - 13 scrolls of identify
 n - 3 scrolls of teleportation {unknown}
 o - 2 scrolls of fog {unknown}
 r - 2 scrolls of enchant armour
 s - 6 scrolls of remove curse
 t - 4 scrolls of amnesia {unknown}
 v - 4 scrolls of enchant weapon {unknown}
 y - 2 scrolls of recharging {unknown}
 K - 2 scrolls of immolation {unknown}
 R - a scroll of blinking {unknown}
 T - a scroll of fear {unknown}
Potions
 d - 5 potions of curing
 k - 3 potions of brilliance {unknown}
 l - a potion of lignification {unknown}
 m - a potion of ambrosia {unknown}
 q - a potion of might {unknown}
 u - 4 potions of heal wounds {unknown}
 A - 2 potions of poison {unknown}
 C - a potion of cancellation {unknown}
 H - a potion of magic {unknown}
 I - a potion of berserk rage {unknown}
 J - 2 potions of invisibility {unknown}
 N - a potion of haste
Books
 b - a book of Air

   Spells                             Type                      Level
   a - Shock                          Conjuration/Air              1
   b - Swiftness                      Charms/Air                   2
   c - Repel Missiles                 Charms/Air                   2
   d - Static Discharge               Conjuration/Air              3
   e - Lightning Bolt                 Conjuration/Air              5
 L - a book of Minor Magic

   Spells                             Type                      Level
   a - Magic Dart                     Conjuration                  1
   b - Blink                          Translocation                2
   c - Call Imp                       Summoning                    2
   d - Repel Missiles                 Charms/Air                   2
   e - Slow                           Hexes                        2
   f - Conjure Flame                  Conjuration/Fire             3
   g - Mephitic Cloud                 Conjuration/Poison/Air       3
Comestibles
 c - 6 bread rations
 B - a slice of pizza
 D - a fruit
 E - 3 meat rations
 Q - a royal jelly


   Skills:
 - Level 2.1 Dodging
 - Level 2.1 Stealth
 - Level 1.5 Spellcasting
 + Level 5.6 Conjurations
 - Level 10.1 Air Magic


You had 6 spell levels left.
You knew the following spells:

 Your Spells              Type           Power        Failure   Level  Hunger
a - Shock                 Conj/Air       ####         1%          1    ##.....
b - Swiftness             Chrm/Air       ###.....     8%          2    ###....
c - Repel Missiles        Chrm/Air       ###...       8%          2    ###....


Dungeon Overview and Level Annotations

Branches:
Dungeon (7/15)             Temple (1/1) D:4

Altars:
Ashenzari
Cheibriados
Dithmenos
Elyvilon
Fedhas
Gozag
Kikubaaqudgha
Makhleb
Nemelex Xobeh
Okawaru
Qazlal
Ru
Sif Muna
Vehumet
Xom
Yredelemnul
Zin
The Shining One


Innate Abilities, Weirdness & Mutations

You are small and have problems with some larger weapons.
You are somewhat resistant to further mutation.


Message History

The sky beast is heavily wounded.
The sky beast hits you.
* * * LOW HITPOINT WARNING * * *
The sky beast shocks you.
* * * LOW HITPOINT WARNING * * *
Unknown command.
Drink which item? (? for menu, Esc to quit)
Okay, then.
You barely miss the sky beast.
The sky beast is heavily wounded.
The sky beast flickers out of sight!
Deactivating autopickup; reactivate with Ctrl-A.
Something hits you but does no damage.
You sock something! Something hits you.
* * * LOW HITPOINT WARNING * * *
Something shocks you.
* * * LOW HITPOINT WARNING * * *
Something hits you but does no damage.
You miss something. Something hits you.
You die...

######### ... #.......#
### .... #....<..#
##.## .....##...@{..#
#...# #
..............#####...#
#
......................#
#
.....#...!....#####...#
## .... ###..$##...#
#..[# #. ...
###..###.###...####. ##
##........#.......
#####.##.........
#.#######....


There were no monsters in sight!

Vanquished Creatures
  Eustachio (D:5)
  Edmund (D:5)
  A black bear (D:6)
  2 ogres
  A centaur (D:5)
  3 scorpions (D:6)
  A crimson imp (D:5)
  3 hounds
  2 giant frog skeletons
  3 orc wizards (D:6)
  A centaur skeleton (D:4)
  Terence (D:3)
  2 iguanas
  4 worker ants
  A big kobold zombie (Ossuary)
  8 mummies (Ossuary)
  2 hound skeletons
  9 adders
  6 gnolls
  A shadow imp (D:4)
  An ooze (D:4)
  An adder skeleton (D:4)
  2 worms (D:5)
  3 giant geckos
  18 orcs
  6 giant cockroaches
  15 hobgoblins
  9 jackals
  17 kobolds
  2 ball pythons
  A ball python zombie (D:6)
  9 bats
  6 giant newts
  2 gnoll zombies (Ossuary)
  13 goblins
  2 jackal skeletons
  2 kobold zombies (Ossuary)
  3 orc zombies (Ossuary)
  2 quokkas
  2 quokka skeletons
  7 rats
176 creatures vanquished.

Notes
Turn   | Place    | Note
--------------------------------------------------------------
     0 | D:1      | flad the Halfling Air Elementalist began the quest for the Orb.
     0 | D:1      | Reached XP level 1. HP: 11/11 MP: 3/3
   510 | D:1      | Reached XP level 2. HP: 3/17 MP: 0/4
   864 | D:1      | Reached skill level 4 in Air Magic
  1448 | D:1      | Reached XP level 3. HP: 17/21 MP: 2/5
  1888 | D:2      | Reached skill level 5 in Air Magic
  2191 | D:2      | Reached XP level 4. HP: 27/27 MP: 3/6
  2750 | D:2      | Learned a level 2 spell: Swiftness
  2753 | D:2      | Learned a level 2 spell: Repel Missiles
  2961 | D:3      | Reached XP level 5. HP: 31/31 MP: 1/7
  3167 | D:3      | Reached skill level 6 in Air Magic
  3728 | D:3      | Noticed Terence
  3744 | D:3      | Killed Terence
  4096 | D:4      | Found a staircase to the Ecumenical Temple.
  4117 | D:4      | Got a bloodstained leather armour
  4128 | D:4      | Identified the +1 leather armour "Vium" {+Inv rF- MP+9 Stlth-} (You found it on level 4 of the Dungeon)
  4233 | D:4      | Reached XP level 6. HP: 30/36 MP: 3/8
  4253 | Temple   | Entered the Ecumenical Temple
  4354 | Temple   | Became a worshipper of Vehumet
  4380 | D:4      | Reached skill level 7 in Air Magic
  4912 | D:4      | Noticed a centaur
  5064 | D:4      | Noticed an ogre
  5082 | D:4      | Killed an ogre
  5082 | D:4      | Reached skill level 8 in Air Magic
  5082 | D:4      | Reached XP level 7. HP: 17/41 MP: 1/9
  5370 | D:5      | Entered Level 5 of the Dungeon
  5501 | D:5      | Noticed Eustachio
  5535 | D:5      | Killed Eustachio
  5535 | D:5      | Reached skill level 9 in Air Magic
  5719 | D:5      | Noticed Edmund
  5783 | D:5      | Killed Edmund
  5783 | D:5      | Reached XP level 8. HP: 24/46 MP: 0/10
  6368 | D:5      | Acquired Vehumet's first power
  6368 | D:5      | Offered knowledge of Sandblast by Vehumet.
  6797 | D:5      | Reached skill level 10 in Air Magic
  6976 | D:5      | Reached skill level 1 in Conjurations
  7543 | D:5      | Offered knowledge of Throw Frost by Vehumet.
  8682 | D:6      | Found a sand-covered staircase.
  8691 | Ossuary  | Entered an ossuary
  8868 | Ossuary  | Offered knowledge of Dazzling Spray by Vehumet.
  8973 | Ossuary  | Reached XP level 9. HP: 51/51 MP: 0/11
  9261 | D:6      | Reached skill level 5 in Conjurations
 10065 | D:7      | HP: 1/51 [something (5)]
 10066 | D:7      | Slain by a sky beast

Vault maps used:
D:1:      eino_arrival_tree_alley, corexii_corridor_pit, lemuel_another_geyser
D:2:      kennysheep_nub
D:3:      uniq_terence
D:4:      minmay_temple_entry_grid
D:5:      corexii_shantytown, first_bread, uniq_edmund, uniq_eustachio
D:6:      nicolae_ossuary_entry_ruins
D:7:      uniq_menkaure
Temple:   grunt_circular_temple_18
Ossuary:  ossuary_tomb_3

Action                   |  1- 3 |  4- 6 |  7- 9 || total
-------------------------+-------+-------+-------++-------
Melee: Dagger            |    26 |       |       ||    26
       Short sword       |    28 |       |       ||    28
       Quarterstaff      |       |    39 |   148 ||   187
 Fire: Hunting sling     |       |     6 |       ||     6
 Cast: Shock             |    51 |   110 |   238 ||   399
Evoke: Wand              |       |       |     2 ||     2
  Use: Scroll            |       |     3 |     1 ||     4
       Potion            |       |     1 |       ||     1
 Stab: Sleeping          |     1 |     2 |     3 ||     6
       Distracted        |       |       |     1 ||     1
  Eat: Chunk             |     5 |    12 |    17 ||    34
       Pizza             |       |       |     1 ||     1
       Beef jerky        |       |       |     1 ||     1
       Fruit             |       |       |     3 ||     3
